| TOP OF THE 1ST |
|
Mahoning Valley Scrappers batting - Pitching for Connecticut Tigers : RHP Alan Grossfeld
|
|
Pitching: RHP Alan Grossfeld
|
|
|
Batting: RHB Ricky Cordova
|
0-0: Ground out 6-3 (Groundball, 6M, EV 95.0 MPH)
|
|
Batting: RHB Willie Gonzales
|
0-0: Ball 1-0: Ball 2-0: SINGLE (Groundball, 56D, EV 100.6 MPH)
|
|
Batting: LHB Devon Grant
|
0-0: Called Strike 0-1: Ball 1-1: Called Strike Willie Gonzales steals 2nd base 1-2: Fly out, F8 (Flyball, 89M, EV 93.8 MPH)
|
|
Batting: RHB Jeremy Givens
|
0-0: Ball 1-0: Foul Ball, location: 2F 1-1: Called Strike 1-2: Foul Ball, location: 2F 1-2: Foul Ball, location: 2F 1-2: Ball Wild Pitch! Willie Gonzales to third 2-2: Ball 3-2: Strikes out swinging
|
| Top of the 1st over - 0 runs, 1 hit, 0 errors, 1 left on base; Mahoning Valley 0 - Connecticut 0 |
| BOTTOM OF THE 1ST |
|
Connecticut Tigers batting - Pitching for Mahoning Valley Scrappers : RHP Joe Zeiset
|
|
Pitching: RHP Joe Zeiset
|
|
|
Batting: RHB Brandon O'Malley
|
0-0: Ball 1-0: Ball 2-0: Swinging Strike 2-1: Ball 3-1: Called Strike 3-2: Base on Balls
|
|
Batting: RHB Keith Hoffman
|
0-0: DOUBLE (Groundball, 5L, EV 101.3 MPH) Brandon O'Malley to third
|
|
Batting: RHB John Evancho
|
0-0: Fly out, F7 (Flyball, 78XD, EV 93.1 MPH) Runner from 3rd tags up, SCORES, no throw by LF Keith Hoffman to third
|
|
Batting: RHB Eric Angelle
|
0-0: Foul Ball, location: 2F 0-1: TRIPLE (Flyball, 89XD, EV 110.6 MPH) Keith Hoffman scores
|
|
Batting: RHB Jon Goldstein
|
0-0: Swinging Strike 0-1: Foul Ball, location: 2F 0-2: Ball 1-2: Ground out 5-3 (Groundball, 5, EV 104.4 MPH)
|
|
Batting: SHB Sean Foley
|
0-0: Foul Ball, location: 2F 0-1: Ball Wild Pitch! Eric Angelle scores 1-1: Ball 2-1: Ball 3-1: Fly out, F4 (Popup, 34, EV 71.3 MPH)
|
| Bottom of the 1st over - 3 runs, 2 hits, 0 errors, 0 left on base; Mahoning Valley 0 - Connecticut 3 |
| TOP OF THE 2ND |
|
Mahoning Valley Scrappers batting - Pitching for Connecticut Tigers : RHP Alan Grossfeld
|
|
Batting: RHB Juan Gallardo
|
0-0: Called Strike 0-1: Ball 1-1: SINGLE (Groundball, 3L, EV 106.3 MPH)
|
|
Batting: RHB Andy Lewis
|
0-0: Swinging Strike 0-1: DOUBLE (Flyball, 8RD, EV 106.9 MPH) Juan Gallardo to third
|
|
Batting: RHB Luis Roman
|
0-0: Called Strike 0-1: Ball 1-1: Foul Ball, location: 2F 1-2: Ball 2-2: Strikes out swinging
|
|
Batting: LHB Kenji Yokoyama
|
0-0: DOUBLE (Flyball, 8LD, EV 94.4 MPH) Juan Gallardo scores Andy Lewis scores
|
|
Batting: RHB John Clark
|
0-0: Foul Ball, location: 2F 0-1: Ball 1-1: Called Strike 1-2: Foul Ball, location: 2F 1-2: SINGLE (Flyball, 56D, EV 86.3 MPH) Kenji Yokoyama to third
|
|
Batting: RHB Ricky Cordova
|
0-0: Ball John Clark steals 2nd base (no throw) 1-0: Ball 2-0: Foul Ball, location: 2F 2-1: Ball 3-1: 3-RUN HOME RUN (Line Drive, 7LD, EV 100.6 MPH), Distance : 368 ft
|
|
Batting: RHB Willie Gonzales
|
0-0: Ball 1-0: Ball 2-0: Ball 3-0: Ground out U3 (Groundball, 34S, EV 87.5 MPH)
|
|
Batting: LHB Devon Grant
|
0-0: Ball 1-0: Swinging Strike 1-1: Called Strike 1-2: Ball 2-2: Strikes out swinging
|
| Top of the 2nd over - 5 runs, 5 hits, 0 errors, 0 left on base; Mahoning Valley 5 - Connecticut 3 |
| BOTTOM OF THE 2ND |
|
Connecticut Tigers batting - Pitching for Mahoning Valley Scrappers : RHP Joe Zeiset
|
|
Batting: RHB Tommy McDonald
|
0-0: Called Strike 0-1: Ground out 4-3 (Groundball, 4, EV 82.5 MPH)
|
|
Batting: RHB Tanner Purchase
|
0-0: Ball 1-0: Ball 2-0: Ball 3-0: Base on Balls
|
|
Batting: RHB Mike Sebastian
|
0-0: Called Strike 0-1: Called Strike Tanner Purchase steals 2nd base 0-2: Ball Passed Ball! Tanner Purchase to third 1-2: Ground out 5-3 (Groundball, 5L, EV 107.5 MPH) Tanner Purchase scores
|
|
Batting: RHB Brandon O'Malley
|
0-0: Called Strike 0-1: Foul Ball, location: 2F 0-2: Ball 1-2: Ball 2-2: Reached on error, E5 (Groundball, 5, EV 86.3 MPH)
|
|
Batting: RHB Keith Hoffman
|
0-0: Ball 1-0: Foul Ball, location: 2F 1-1: Called Strike 1-2: Fielders Choice at 2nd, 6-4 (Groundball, 6, EV 88.8 MPH)
|
| Bottom of the 2nd over - 1 run, 0 hits, 1 error, 1 left on base; Mahoning Valley 5 - Connecticut 4 |
| TOP OF THE 3RD |
|
Mahoning Valley Scrappers batting - Pitching for Connecticut Tigers : RHP Alan Grossfeld
|
|
Batting: RHB Jeremy Givens
|
0-0: SINGLE (Groundball, 4MD, EV 105.0 MPH)
|
|
Batting: RHB Juan Gallardo
|
0-0: Ball 1-0: Called Strike Jeremy Givens steals 2nd base (no throw) 1-1: Swinging Strike 1-2: Foul Ball, location: 2F 1-2: DOUBLE (Line Drive, 5D, EV 94.4 MPH) Jeremy Givens scores
|
|
Pitching: RHP Fernando Mendez
|
|
|
Batting: RHB Andy Lewis
|
0-0: Swinging Strike 0-1: Swinging Strike 0-2: Strikes out swinging
|
|
Batting: RHB Luis Roman
|
0-0: Called Strike 0-1: Ball 1-1: Swinging Strike 1-2: Ball 2-2: Foul Ball, location: 2F 2-2: Ball 3-2: Base on Balls
|
|
Batting: LHB Kenji Yokoyama
|
0-0: Foul Ball, location: 2F 0-1: Foul Ball, location: 2F 0-2: Ball 1-2: Strikes out swinging
|
|
Batting: RHB John Clark
|
0-0: Ball 1-0: Fielders Choice at 2nd, 5-4 (Groundball, 56, EV 87.5 MPH)
|
| Top of the 3rd over - 1 run, 2 hits, 0 errors, 2 left on base; Mahoning Valley 6 - Connecticut 4 |
| BOTTOM OF THE 3RD |
|
Connecticut Tigers batting - Pitching for Mahoning Valley Scrappers : RHP Joe Zeiset
|
|
Batting: RHB John Evancho
|
0-0: Ground out U3 (Groundball, 34, EV 106.9 MPH)
|
|
Batting: RHB Eric Angelle
|
0-0: Ball 1-0: Foul Ball, location: 2F 1-1: Fly out, F8 (Flyball, 8RD, EV 99.4 MPH)
|
|
Batting: RHB Jon Goldstein
|
0-0: Foul Ball, location: 2F 0-1: Ball 1-1: Foul Ball, location: 2F 1-2: Strikes out swinging
|
| Bottom of the 3rd over - 0 runs, 0 hits, 0 errors, 0 left on base; Mahoning Valley 6 - Connecticut 4 |
| TOP OF THE 4TH |
|
Mahoning Valley Scrappers batting - Pitching for Connecticut Tigers : RHP Fernando Mendez
|
|
Batting: RHB Ricky Cordova
|
0-0: Foul Ball, location: 2F 0-1: Called Strike 0-2: Ball 1-2: Ball 2-2: Ball 3-2: Ground out 6-3 (Groundball, 6, EV 110.0 MPH)
|
|
Batting: RHB Willie Gonzales
|
0-0: Ball 1-0: Called Strike 1-1: Ball 2-1: Ground out U3 (Groundball, 3, EV 81.9 MPH)
|
|
Batting: LHB Devon Grant
|
0-0: Ball 1-0: Fly out, F8 (Flyball, 8RD, EV 91.3 MPH)
|
| Top of the 4th over - 0 runs, 0 hits, 0 errors, 0 left on base; Mahoning Valley 6 - Connecticut 4 |
| BOTTOM OF THE 4TH |
|
Connecticut Tigers batting - Pitching for Mahoning Valley Scrappers : RHP Joe Zeiset
|
|
Batting: SHB Sean Foley
|
0-0: Ball 1-0: Ground out 5-3 (Groundball, 56S, EV 80.0 MPH)
|
|
Batting: RHB Tommy McDonald
|
0-0: Ground out 6-3 (Groundball, 6, EV 85.6 MPH)
|
|
Batting: RHB Tanner Purchase
|
0-0: Ball 1-0: Called Strike 1-1: Ball 2-1: Ball 3-1: Foul Ball, location: 2F 3-2: Foul Ball, location: 2F 3-2: Foul Ball, location: 2F 3-2: Fly out, F8 (Flyball, 8LM, EV 92.5 MPH)
|
| Bottom of the 4th over - 0 runs, 0 hits, 0 errors, 0 left on base; Mahoning Valley 6 - Connecticut 4 |
| TOP OF THE 5TH |
|
Mahoning Valley Scrappers batting - Pitching for Connecticut Tigers : RHP Fernando Mendez
|
|
Batting: RHB Jeremy Givens
|
0-0: Swinging Strike 0-1: SINGLE (Groundball, 4S, EV 65.0 MPH) (infield hit)
|
|
Batting: RHB Juan Gallardo
|
0-0: Ball Jeremy Givens steals 2nd base (no throw) 1-0: Foul Ball, location: 2F 1-1: Foul Ball, location: 2F 1-2: Strikes out swinging
|
|
Batting: RHB Andy Lewis
|
0-0: Called Strike Jeremy Givens steals 3rd base 0-1: Called Strike 0-2: Ball 1-2: DOUBLE (Line Drive, 7LS, EV 107.5 MPH) Jeremy Givens scores
|
|
Batting: RHB Luis Roman
|
0-0: Ball 1-0: Called Strike 1-1: Foul Ball, location: 2F 1-2: Foul Ball, location: 2F 1-2: Strikes out swinging
|
|
Pitching: LHP Neil Palazzo
|
|
|
Batting: LHB Kenji Yokoyama
|
0-0: Fly out, F8 (Flyball, 8LS, EV 86.3 MPH)
|
| Top of the 5th over - 1 run, 2 hits, 0 errors, 1 left on base; Mahoning Valley 7 - Connecticut 4 |
| BOTTOM OF THE 5TH |
|
Connecticut Tigers batting - Pitching for Mahoning Valley Scrappers : RHP Joe Zeiset
|
|
Batting: RHB Mike Sebastian
|
0-0: Ball 1-0: Called Strike 1-1: SINGLE (Line Drive, 7S, EV 100.0 MPH)
|
|
Batting: RHB Brandon O'Malley
|
0-0: Called Strike Mike Sebastian steals 2nd base 0-1: Ground out 1-3 (Groundball, 25, EV 75.6 MPH)
|
|
Batting: RHB Keith Hoffman
|
0-0: Foul Ball, location: 2F 0-1: Ball Passed Ball! Mike Sebastian to third 1-1: Swinging Strike 1-2: Strikes out swinging
|
|
Batting: RHB John Evancho
|
0-0: Ball 1-0: Ball Passed Ball! Mike Sebastian scores 2-0: Foul Ball, location: 2F 2-1: Ground out 4-3 (Groundball, 4, EV 83.8 MPH)
|
| Bottom of the 5th over - 1 run, 1 hit, 0 errors, 0 left on base; Mahoning Valley 7 - Connecticut 5 |
| TOP OF THE 6TH |
|
Mahoning Valley Scrappers batting - Pitching for Connecticut Tigers : LHP Neil Palazzo
|
|
Batting: RHB John Clark
|
0-0: Called Strike 0-1: Ball 1-1: Foul Ball, location: 2F 1-2: SINGLE (Groundball, 56D, EV 101.9 MPH) (infield hit)
|
|
Batting: RHB Ricky Cordova
|
0-0: Ball John Clark steals 2nd base 1-0: Ball 2-0: Ball 3-0: Base on Balls
|
|
Batting: RHB Willie Gonzales
|
0-0: Ball 1-0: Called Strike John Clark steals 3rd base Ricky Cordova to second 1-1: Foul Ball, location: 2F 1-2: TRIPLE (Line Drive, 8LXD, EV 101.3 MPH) John Clark scores Ricky Cordova scores
|
|
Batting: LHB Devon Grant
|
0-0: Fly out, F7 (Flyball, 7S, EV 93.1 MPH)
|
|
Batting: RHB Jeremy Givens
|
0-0: Ball 1-0: Ball 2-0: Ball 3-0: Called Strike 3-1: Foul Ball, location: 2F 3-2: TRIPLE (Line Drive, 8LXD, EV 106.9 MPH) Willie Gonzales scores
|
|
Batting: RHB Juan Gallardo
|
0-0: Ball 1-0: Swinging Strike 1-1: Foul Ball, location: 2F 1-2: Foul Ball, location: 2F 1-2: Hit by Pitch
|
|
Pitching: LHP Chris Woodruff
|
|
|
Batting: RHB Andy Lewis
|
0-0: SINGLE (Groundball, 6MD, EV 98.1 MPH) Jeremy Givens scores Juan Gallardo to second Runner from 2nd tries for 3rd, SAFE, throw by CF made to third
|
|
Batting: RHB Luis Roman
|
0-0: Ball 1-0: Ball 2-0: Ball 3-0: Called Strike 3-1: Foul Ball, location: 2F 3-2: Fly out, F8 (Line Drive, 8LM, EV 96.9 MPH) Lined into DP, 8-5 (Line Drive, 8LM, EV 96.9 MPH)
|
| Top of the 6th over - 4 runs, 4 hits, 0 errors, 1 left on base; Mahoning Valley 11 - Connecticut 5 |
| BOTTOM OF THE 6TH |
|
Connecticut Tigers batting - Pitching for Mahoning Valley Scrappers : RHP Joe Zeiset
|
|
Batting: RHB Eric Angelle
|
0-0: Ball 1-0: SINGLE (Flyball, 7LS, EV 90.0 MPH)
|
|
Batting: RHB Jon Goldstein
|
0-0: Called Strike 0-1: Called Strike 0-2: Ball 1-2: Strikes out looking
|
|
Pitching: RHP Victor Amador
|
|
|
Batting: SHB Sean Foley
|
0-0: Ball Eric Angelle steals 2nd base 1-0: Foul Ball, location: 2F 1-1: Ball 2-1: Called Strike 2-2: Strikes out swinging
|
|
Batting: RHB Tommy McDonald
|
0-0: Ball Wild Pitch! Eric Angelle to third 1-0: Called Strike 1-1: Ball Passed Ball! Eric Angelle scores 2-1: Ball 3-1: Base on Balls
|
|
Batting: RHB Tanner Purchase
|
0-0: Swinging Strike 0-1: Foul Ball, location: 2F 0-2: Ball 1-2: Ball 2-2: Strikes out swinging
|
| Bottom of the 6th over - 1 run, 1 hit, 0 errors, 1 left on base; Mahoning Valley 11 - Connecticut 6 |
| TOP OF THE 7TH |
|
Mahoning Valley Scrappers batting - Pitching for Connecticut Tigers : LHP Chris Woodruff
|
|
Batting: LHB Kenji Yokoyama
|
0-0: Called Strike 0-1: Swinging Strike 0-2: Ball 1-2: Ball 2-2: Strikes out swinging
|
|
Batting: RHB John Clark
|
0-0: SINGLE (Line Drive, 7LS, EV 100.0 MPH)
|
|
Batting: RHB Ricky Cordova
|
0-0: Ball 1-0: Ball 2-0: Ball Wild Pitch! John Clark to second 3-0: Called Strike 3-1: Base on Balls
|
|
Batting: RHB Willie Gonzales
|
0-0: Ball 1-0: Called Strike 1-1: Foul Ball, location: 2F 1-2: Strikes out swinging
|
|
Batting: LHB Devon Grant
|
0-0: Ball 1-0: Foul Ball, location: 2F 1-1: Foul Ball, location: 2F 1-2: Foul Ball, location: 2F 1-2: Strikes out swinging
|
| Top of the 7th over - 0 runs, 1 hit, 0 errors, 2 left on base; Mahoning Valley 11 - Connecticut 6 |
| BOTTOM OF THE 7TH |
|
Connecticut Tigers batting - Pitching for Mahoning Valley Scrappers : RHP Victor Amador
|
|
Batting: RHB Mike Sebastian
|
0-0: Called Strike 0-1: Foul Ball, location: 2F 0-2: Ball 1-2: Fly out, F4 (Popup, 3DF, EV 56.9 MPH)
|
|
Batting: RHB Brandon O'Malley
|
0-0: Ball 1-0: Ball 2-0: Ball 3-0: Base on Balls
|
|
Batting: RHB Keith Hoffman
|
0-0: Called Strike Brandon O'Malley steals 2nd base 0-1: Foul Ball, location: 2F 0-2: Ball 1-2: Fly out, F8 (Flyball, 8RD, EV 85.6 MPH)
|
|
Batting: RHB John Evancho
|
0-0: Ball Passed Ball! Brandon O'Malley to third 1-0: Foul Ball, location: 2F 1-1: Ball 2-1: Called Strike 2-2: Ball 3-2: Foul Ball, location: 2F 3-2: Ground out 6-3 (Groundball, 6, EV 81.3 MPH)
|
| Bottom of the 7th over - 0 runs, 0 hits, 0 errors, 1 left on base; Mahoning Valley 11 - Connecticut 6 |
| TOP OF THE 8TH |
|
Mahoning Valley Scrappers batting - Pitching for Connecticut Tigers : LHP Chris Woodruff
|
|
Batting: RHB Jeremy Givens
|
0-0: Ball 1-0: Fly out, F2 (Popup, 3SF, EV 75.0 MPH)
|
|
Pitching: LHP Chris Thomas
|
|
|
Batting: RHB Juan Gallardo
|
0-0: Called Strike 0-1: Hit by Pitch
|
|
Batting: RHB Andy Lewis
|
0-0: Called Strike 0-1: Ball 1-1: Swinging Strike Passed Ball! Juan Gallardo to second 1-2: 2-RUN HOME RUN (Flyball, 7LD, EV 95.0 MPH), Distance : 367 ft
|
|
Batting: RHB Luis Roman
|
0-0: Foul Ball, location: 2F 0-1: Ball 1-1: Swinging Strike 1-2: Ball 2-2: Strikes out looking
|
|
Batting: LHB Kenji Yokoyama
|
0-0: Fly out, F8 (Flyball, 8LD, EV 77.5 MPH)
|
| Top of the 8th over - 2 runs, 1 hit, 0 errors, 0 left on base; Mahoning Valley 13 - Connecticut 6 |
| BOTTOM OF THE 8TH |
|
Connecticut Tigers batting - Pitching for Mahoning Valley Scrappers : RHP Victor Amador
|
|
Batting: RHB Eric Angelle
|
0-0: Swinging Strike 0-1: Ball 1-1: Ball 2-1: Ball 3-1: Called Strike 3-2: Strikes out looking
|
|
Batting: RHB Jon Goldstein
|
0-0: Called Strike 0-1: Fly out, F8 (Line Drive, 8LD, EV 92.5 MPH)
|
|
Batting: SHB Sean Foley
|
0-0: Ball 1-0: DOUBLE (Line Drive, 5D, EV 107.5 MPH)
|
|
Batting: RHB Tommy McDonald
|
0-0: Ball 1-0: Called Strike 1-1: Fly out, F9 (Flyball, 9D, EV 100.0 MPH)
|
| Bottom of the 8th over - 0 runs, 1 hit, 0 errors, 1 left on base; Mahoning Valley 13 - Connecticut 6 |
| TOP OF THE 9TH |
|
Mahoning Valley Scrappers batting - Pitching for Connecticut Tigers : LHP Chris Thomas
|
|
Batting: RHB John Clark
|
0-0: Foul Ball, location: 2F 0-1: Ball 1-1: Swinging Strike 1-2: Strikes out swinging
|
|
Pinch Hitting: RHB Rob Baker
|
0-0: Ball 1-0: Ground out 6-3 (Groundball, 6, EV 91.9 MPH)
|
|
Batting: RHB Willie Gonzales
|
0-0: Ball 1-0: Foul Ball, location: 2F 1-1: Swinging Strike 1-2: Ball 2-2: Ground out 4-3 (Groundball, 13, EV 85.6 MPH)
|
| Top of the 9th over - 0 runs, 0 hits, 0 errors, 0 left on base; Mahoning Valley 13 - Connecticut 6 |
| BOTTOM OF THE 9TH |
|
Connecticut Tigers batting - Pitching for Mahoning Valley Scrappers : RHP Victor Amador
|
|
Now at 3B: Rob Baker
|
|
|
Now at SS: Jeremy Givens
|
|
|
Now in LF: Andy Lewis
|
|
|
Batting: RHB Tanner Purchase
|
0-0: Ball 1-0: Called Strike 1-1: Foul Ball, location: 2F 1-2: Fly out, F9 (Flyball, 9LS, EV 90.6 MPH)
|
|
Batting: RHB Mike Sebastian
|
0-0: Called Strike 0-1: Reached on error, E9 (Line Drive, 9, EV 101.9 MPH)
|
|
Pitching: LHP J.J. Adkins
|
|
|
Batting: RHB Brandon O'Malley
|
0-0: Ball 1-0: Ball Passed Ball! Mike Sebastian to third 2-0: Called Strike 2-1: Ball 3-1: Swinging Strike 3-2: Foul Ball, location: 2F 3-2: Strikes out swinging
|
|
Batting: RHB Keith Hoffman
|
0-0: Ball 1-0: Swinging Strike 1-1: Fly out, F4 (Flyball, 4D, EV 82.5 MPH)
|
| Bottom of the 9th over - 0 runs, 0 hits, 1 error, 1 left on base; Mahoning Valley 13 - Connecticut 6 |
|